Map: Para Site LE

Players

Elazer - Winner!

  • Race: Zerg Zerg
  • Spawn Location: 11:00

Zanster

  • Race: Zerg Zerg
  • Spawn Location: 5:00

Event: HomeStory Cup XVIII

VOD

Have the link to the VOD?

Description

Time

  • Played on: Nov. 22, 2018, 12:20 p.m.
  • Length: 9:41

All games in this series

Show
View Real Time Build Order
Export as new Build Order

Elazer Zerg - Winner!

Build Orders: Hatch First 

Get SALT Encoding   

  12  0:00  Drone  
  13  0:12  Overlord  
  13  0:19  Drone  
  14  0:31  Drone x2  
  16  0:49  Hatchery  
  15  0:51  Drone  
  15  0:55  Drone  
  17  0:58  Drone  
  18  1:09  Extractor  
  17  1:13  Spawning Pool  
  17  1:16  Drone  
  17  1:20  Drone  
  18  1:27  Drone  
  19  1:38  Drone  
  20  1:49  Drone  
  21  2:00  Drone  
  21  2:01  Drone  
  23  2:02  Queen x2  
  23  2:04  Evolution Chamber  
  26  2:10  Overlord  
  26  2:11  Zergling x2  
  27  2:22  Drone  
  28  2:29  Drone, Zerg Ground Armor Level 1  
  29  2:31  Drone  
  29  2:33  Drone  
  31  2:38  Queen  
  31  2:42  Overlord  
  33  2:45  Drone  
  34  2:55  Drone x2  
  35  3:06  Drone x2  
  35  3:09  Drone x2  
  35  3:11  Drone x2  
  35  3:12  Drone  
  42  3:13  Overlord  
  42  3:18  Queen  
  44  3:24  Metabolic Boost  
  44  3:27  Baneling Nest  
  44  3:31  Drone  
  44  3:32  Zergling x2  
  44  3:33  Zergling x4  
  47  3:43  Zergling x2  
  47  3:44  Zergling x8  
  52  3:50  Hatchery  
  52  3:52  Zergling x2  
  52  3:59  Overlord  
  52  4:13  Extractor, Overlord  
  52  4:16  Drone  
  52  4:20  Drone x3  
  52  4:21  Zergling x8  
  58  4:29  Zergling x4  
  60  4:34  Zerg Missile Weapons Level 1  
  60  4:35  Overlord, Roach Warren  
  59  4:39  Drone x3  
  59  4:41  Baneling x4  
  59  4:43  Drone  
  63  4:48  Drone  
  63  4:57  Extractor, Drone x3  
  63  4:58  Lair  
  65  5:00  Drone  
  65  5:02  Drone  
  65  5:03  Overlord  
  65  5:05  Overlord  
  67  5:08  Drone x2  
  65  5:22  Roach x4  
  65  5:25  Overlord  
  65  5:27  Roach x2  
  76  5:31  Roach x2  
  76  5:33  Roach  
  82  5:42  Roach x2  
  86  5:46  Overlord  
  86  5:49  Drone x2  
  87  5:54  Extractor  
  87  5:56  Extractor  
  85  5:57  Drone x8  
  85  6:04  Drone  
  94  6:06  Pneumatized Carapace  
  94  6:07  Overlord  
  94  6:08  Drone  
  94  6:09  Drone  
  96  6:18  Hatchery  
  96  6:22  Overlord  
  96  6:23  Glial Reconstitution  
  96  6:24  Overlord  
  96  6:25  Drone x3  
  92  6:35  Roach x6  
  92  6:38  Zerg Missile Weapons Level 2  
  103  6:41  Roach x2  
  103  6:44  Roach  
  111  6:47  Roach x2  
  111  6:51  Overlord  
  113  6:57  Overlord  
  110  7:04  Roach x6  
  121  7:11  Roach  
  121  7:12  Roach x2  
  127  7:19  Ravager, Overlord  
  128  7:24  Drone  
  128  7:25  Drone  
  128  7:27  Overlord  
  131  7:30  Roach x4  
  131  7:31  Roach x2  
  140  7:37  Roach x4  
  140  7:46  Overlord  
  140  7:54  Roach x8  
  148  8:02  Roach x2  
  148  8:03  Roach x2  
  156  8:09  Roach x2  
  160  8:14  Queen x3  
  160  8:18  Tunneling Claws  
  155  8:27  Roach x2  
  155  8:32  Hatchery  
  148  8:34  Roach x3  
  148  8:38  Roach x2  
  156  8:46  Roach  
  156  8:47  Roach x3  
  136  8:57  Roach x5  
  136  9:01  Queen x2  
  132  9:11  Drone x7  
  139  9:19  Overlord  
Show
View Real Time Build Order
Export as new Build Order

Zanster Zerg 

Build Orders: Hatch First 

Get SALT Encoding   

  12  0:01  Drone  
  13  0:12  Overlord  
  13  0:17  Drone  
  14  0:30  Drone  
  14  0:31  Drone  
  16  0:48  Hatchery  
  15  0:50  Drone  
  15  0:54  Drone  
  17  0:57  Drone  
  18  1:08  Extractor  
  17  1:14  Spawning Pool  
  17  1:15  Drone  
  17  1:19  Drone  
  18  1:28  Drone  
  19  1:39  Drone  
  20  1:51  Drone  
  21  2:00  Queen x2  
  25  2:03  Overlord  
  25  2:04  Zergling x2  
  26  2:11  Metabolic Boost  
  26  2:20  Drone  
  26  2:21  Drone x2  
  26  2:22  Drone  
  30  2:33  Drone x2  
  32  2:37  Baneling Nest  
  31  2:45  Hatchery  
  31  2:47  Zergling x2  
  31  2:53  Overlord  
  31  2:57  Zergling x2  
  32  2:59  Drone  
  33  3:06  Drone  
  33  3:12  Drone x4  
  38  3:13  Drone x2  
  38  3:16  Drone  
  38  3:18  Drone  
  41  3:25  Overlord  
  41  3:29  Drone  
  41  3:33  Evolution Chamber  
  41  3:35  Evolution Chamber, Zergling x2  
  41  3:39  Queen, Zergling x2  
  44  3:44  Drone x2  
  44  3:47  Drone  
  44  3:48  Drone  
  48  3:51  Drone  
  48  3:52  Drone  
  48  3:55  Overlord  
  50  3:58  Extractor  
  50  3:59  Overlord  
  50  4:01  Zergling x2  
  50  4:02  Zergling x2  
  51  4:09  Baneling x4  
  51  4:10  Overlord  
  51  4:14  Zerg Ground Armor Level 1  
  51  4:23  Zergling x12  
  55  4:26  Baneling x2  
  55  4:28  Zergling x2  
  55  4:29  Zergling x2  
  57  4:32  Zergling x2  
  57  4:33  Zergling x2  
  57  4:36  Zergling x4  
  61  4:39  Overlord  
  61  4:45  Zerg Melee Weapons Level 1  
  61  4:50  Zergling x2  
  61  4:51  Zergling x8  
  65  4:54  Baneling  
  65  4:58  Overlord  
  65  5:04  Drone x6  
  65  5:06  Drone  
  68  5:23  Queen  
  68  5:25  Drone x7  
  68  5:26  Lair  
  75  5:29  Baneling x2  
  75  5:32  Overlord  
  75  5:36  Zergling x4  
  77  5:47  Zergling x2  
  77  5:48  Zergling x6  
  80  5:51  Zergling x2  
  80  5:52  Hatchery  
  80  5:56  Overlord  
  80  6:06  Overlord x3  
  80  6:09  Zergling x2  
  80  6:10  Zergling x2  
  82  6:21  Drone x3  
  82  6:22  Drone x4  
  84  6:27  Drone  
  84  6:28  Extractor, Spire, Drone x2  
  84  6:30  Extractor  
  78  6:34  Zergling x16  
  85  6:42  Zergling x4  
  85  6:46  Spine Crawler x2, Zergling x2  
  86  6:48  Spine Crawler, Baneling x4  
  86  6:50  Zergling x2  
  86  6:53  Zerg Melee Weapons Level 2  
  84  7:02  Zergling x6  
  84  7:03  Zergling x6  
  88  7:08  Drone  
  88  7:13  Extractor  
  88  7:14  Extractor  
  86  7:20  Drone  
  86  7:21  Drone x4  
  86  7:22  Zergling x10  
  96  7:25  Overlord  
  91  7:38  Zergling x10  
  91  7:42  Mutalisk x5  
  104  7:50  Zergling x12  
  104  7:51  Zergling x4  
  101  8:00  Overlord  
  101  8:02  Mutalisk  
  101  8:03  Mutalisk  
  98  8:10  Zergling x20  
  103  8:19  Zergling x6  
  90  8:27  Mutalisk x4  
  88  8:34  Zergling x4  
  85  8:46  Mutalisk x3  
  72  8:49  Zergling x4  
Tags
 
Add a new tag
Caveats
  • Supply blocks, unpowered buildings, or Contaminate may cause inaccurate times.
  • Supply counts are checked every 10 seconds.